| TOP OF THE 1ST |
|
Wausau Timbers batting - Pitching for Appleton Foxes : RHP David Froelich
|
|
Pitching: RHP David Froelich
|
|
|
Batting: RHB John Nicolo
|
0-0: Ball 1-0: Ground out 2-3 (Groundball, 15S, EV 68.8 MPH)
|
|
Batting: LHB Rodney Nealeigh
|
0-0: Called Strike 0-1: Ball 1-1: Ball 2-1: Fly out, F9 (Flyball, 9S, EV 81.9 MPH)
|
|
Batting: RHB Rich Renteria
|
0-0: Ball 1-0: Ball 2-0: Ground out 4-3 (Groundball, 4, EV 88.1 MPH)
|
| Top of the 1st over - 0 runs, 0 hits, 0 errors, 0 left on base; Wausau 0 - Appleton 0 |
| BOTTOM OF THE 1ST |
|
Appleton Foxes batting - Pitching for Wausau Timbers : RHP Brian Buckley
|
|
Pitching: RHP Brian Buckley
|
|
|
Batting: LHB Mike Woodard
|
0-0: Called Strike 0-1: Called Strike 0-2: Ball 1-2: Ball 2-2: Ball 3-2: Foul Ball, location: 2F 3-2: Foul Ball, location: 2F 3-2: Base on Balls
|
|
Batting: SHB Matt Gallegos
|
0-0: Ball 1-0: Ball 2-0: Called Strike 2-1: Foul Ball, location: 2F 2-2: Fly out, F8 (Line Drive, 8LM, EV 91.9 MPH)
|
|
Batting: RHB Randy Asadoor
|
0-0: Called Strike 0-1: Ball 1-1: Ball 2-1: Fly out, F8 (Flyball, 8LXD, EV 80.0 MPH)
|
|
Batting: RHB George Hinshaw
|
0-0: Ball 1-0: Called Strike 1-1: Ball 2-1: Ball Mike Woodard steals 2nd base 3-1: SINGLE (Groundball, 56D, EV 95.0 MPH) Mike Woodard to third Runner from 3rd tries for Home, SAFE, throw by LF to home
|
|
Batting: RHB Victor Mata
|
0-0: Ball 1-0: Called Strike 1-1: Fly out, F4 (Flyball, 3D, EV 80.0 MPH)
|
| Bottom of the 1st over - 1 run, 1 hit, 0 errors, 1 left on base; Wausau 0 - Appleton 1 |
| TOP OF THE 2ND |
|
Wausau Timbers batting - Pitching for Appleton Foxes : RHP David Froelich
|
|
Batting: RHB Douglas Davis
|
0-0: Foul Ball, location: 2F 0-1: Ball 1-1: Swinging Strike 1-2: Ball 2-2: Strikes out swinging
|
|
Batting: LHB Ricky Seilheimer
|
0-0: Swinging Strike 0-1: Ball 1-1: Swinging Strike 1-2: Ball 2-2: Strikes out swinging
|
|
Batting: LHB Jerry Morton
|
0-0: Ball 1-0: Ground out U3 (Groundball, 3S, EV 84.4 MPH)
|
| Top of the 2nd over - 0 runs, 0 hits, 0 errors, 0 left on base; Wausau 0 - Appleton 1 |
| BOTTOM OF THE 2ND |
|
Appleton Foxes batting - Pitching for Wausau Timbers : RHP Brian Buckley
|
|
Batting: LHB John Csefalvay
|
0-0: Fly out, F9 (Flyball, 89XD, EV 110.0 MPH)
|
|
Batting: RHB Howard Lopes
|
0-0: Ball 1-0: Called Strike 1-1: SOLO HOME RUN (Flyball, 7D, EV 105.0 MPH), Distance : 360 ft
|
|
Batting: RHB Mike Nipper
|
0-0: DOUBLE (Line Drive, 5D, EV 93.8 MPH)
|
|
Batting: RHB Philip Sutton
|
0-0: Called Strike 0-1: Ball 1-1: Ground out 1-3 (Groundball, 34S, EV 72.5 MPH) Mike Nipper to third
|
|
Batting: LHB Mike Woodard
|
0-0: Foul Ball, location: 2F 0-1: Fly out, F3 (Line Drive, 3, EV 65.6 MPH)
|
| Bottom of the 2nd over - 1 run, 2 hits, 0 errors, 1 left on base; Wausau 0 - Appleton 2 |
| TOP OF THE 3RD |
|
Wausau Timbers batting - Pitching for Appleton Foxes : RHP David Froelich
|
|
Batting: RHB Bruce Chaney
|
0-0: Called Strike 0-1: Foul Ball, location: 2F 0-2: Foul Ball, location: 2F 0-2: Ball 1-2: Fly out, F3 (Popup, 3SF, EV 66.9 MPH)
|
|
Batting: RHB Jeffrey Young
|
0-0: Ball 1-0: Foul Ball, location: 2F 1-1: Called Strike 1-2: Ball 2-2: Ball 3-2: SINGLE (Groundball, 34D, EV 103.1 MPH) (infield hit)
|
|
Batting: RHB John Pignotti
|
0-0: Ball 1-0: Called Strike 1-1: Ball 2-1: Ball 3-1: Foul Ball, location: 2F 3-2: Fly out, F8 (Flyball, 8RD, EV 83.1 MPH)
|
|
Batting: RHB John Nicolo
|
0-0: Ball 1-0: Ball 2-0: Ground out 6-3 (Groundball, 56, EV 98.8 MPH)
|
| Top of the 3rd over - 0 runs, 1 hit, 0 errors, 1 left on base; Wausau 0 - Appleton 2 |
| BOTTOM OF THE 3RD |
|
Appleton Foxes batting - Pitching for Wausau Timbers : RHP Brian Buckley
|
|
Batting: SHB Matt Gallegos
|
0-0: Foul Ball, location: 2F 0-1: Ball 1-1: Ball 2-1: Ball 3-1: Base on Balls
|
|
Batting: RHB Randy Asadoor
|
0-0: Called Strike 0-1: Swinging Strike 0-2: Foul Ball, location: 2F 0-2: Ball 1-2: Foul Ball, location: 2F 1-2: Ball 2-2: Fly out, F4 (Popup, 34, EV 80.0 MPH)
|
|
Batting: RHB George Hinshaw
|
0-0: 2-RUN HOME RUN (Flyball, 7D, EV 98.1 MPH), Distance : 360 ft
|
|
Batting: RHB Victor Mata
|
0-0: Ball 1-0: Called Strike 1-1: Ball 2-1: Ground out 6-3 (Groundball, 6, EV 83.1 MPH)
|
|
Batting: LHB John Csefalvay
|
0-0: Called Strike 0-1: Called Strike 0-2: Foul Ball, location: 2F 0-2: Foul Ball, location: 2F 0-2: Foul Ball, location: 2F 0-2: Fly out, F8 (Flyball, 8LS, EV 85.0 MPH)
|
| Bottom of the 3rd over - 2 runs, 1 hit, 0 errors, 0 left on base; Wausau 0 - Appleton 4 |
| TOP OF THE 4TH |
|
Wausau Timbers batting - Pitching for Appleton Foxes : RHP David Froelich
|
|
Batting: LHB Rodney Nealeigh
|
0-0: Ball 1-0: Ball 2-0: Ground out 4-3 (Groundball, 4, EV 86.9 MPH)
|
|
Batting: RHB Rich Renteria
|
0-0: Called Strike 0-1: Ground out 5-3 (Groundball, 56S, EV 68.8 MPH)
|
|
Batting: RHB Douglas Davis
|
0-0: Called Strike 0-1: Called Strike 0-2: Strikes out swinging
|
| Top of the 4th over - 0 runs, 0 hits, 0 errors, 0 left on base; Wausau 0 - Appleton 4 |
| BOTTOM OF THE 4TH |
|
Appleton Foxes batting - Pitching for Wausau Timbers : RHP Brian Buckley
|
|
Batting: RHB Howard Lopes
|
0-0: Foul Ball, location: 2F 0-1: Ball 1-1: Foul Ball, location: 2F 1-2: SOLO HOME RUN (Flyball, 7D, EV 107.5 MPH), Distance : 359 ft
|
|
Batting: RHB Mike Nipper
|
0-0: Called Strike 0-1: Hit by Pitch
|
|
Pinch Runner at 1st Douglas Lulay:
|
|
|
Batting: RHB Philip Sutton
|
0-0: Ball 1-0: Grounds into double play, 6-4-3 (Groundball, 6, EV 82.5 MPH)
|
|
Batting: LHB Mike Woodard
|
0-0: Ball 1-0: Ball 2-0: Ball 3-0: Called Strike 3-1: Called Strike 3-2: Base on Balls
|
|
Batting: SHB Matt Gallegos
|
0-0: Ball 1-0: Fielders Choice at 2nd, 6-4 (Groundball, 6, EV 88.8 MPH)
|
| Bottom of the 4th over - 1 run, 1 hit, 0 errors, 1 left on base; Wausau 0 - Appleton 5 |
| TOP OF THE 5TH |
|
Wausau Timbers batting - Pitching for Appleton Foxes : RHP David Froelich
|
|
Now at C: Peter Rowe
|
|
|
Batting: LHB Ricky Seilheimer
|
0-0: Called Strike 0-1: Fly out, F7 (Flyball, 7LS, EV 88.8 MPH)
|
|
Batting: LHB Jerry Morton
|
0-0: Ball 1-0: Ground out 3-1 (Groundball, 34S, EV 84.4 MPH)
|
|
Batting: RHB Bruce Chaney
|
0-0: Ground out U3 (Groundball, 34S, EV 81.9 MPH)
|
| Top of the 5th over - 0 runs, 0 hits, 0 errors, 0 left on base; Wausau 0 - Appleton 5 |
| BOTTOM OF THE 5TH |
|
Appleton Foxes batting - Pitching for Wausau Timbers : RHP Brian Buckley
|
|
Batting: RHB Randy Asadoor
|
0-0: Swinging Strike 0-1: Ball 1-1: Swinging Strike 1-2: Strikes out swinging
|
|
Batting: RHB George Hinshaw
|
0-0: Ball 1-0: Ball 2-0: Called Strike 2-1: Ball 3-1: Base on Balls
|
|
Batting: RHB Victor Mata
|
0-0: Called Strike George Hinshaw steals 2nd, throwing error, E2 George Hinshaw to third 0-1: Foul Ball, location: 2F 0-2: Ball 1-2: Strikes out swinging
|
|
Batting: LHB John Csefalvay
|
0-0: Intentional Walk
|
|
Batting: RHB Howard Lopes
|
0-0: Ball 1-0: Foul Ball, location: 2F 1-1: Ball 2-1: Ball 3-1: Base on Balls John Csefalvay to second
|
|
Batting: RHB Peter Rowe
|
0-0: Ball 1-0: Called Strike 1-1: Ball 2-1: Foul Ball, location: 2F 2-2: Fly out, F8 (Line Drive, 8RM, EV 90.0 MPH)
|
| Bottom of the 5th over - 0 runs, 0 hits, 1 error, 3 left on base; Wausau 0 - Appleton 5 |
| TOP OF THE 6TH |
|
Wausau Timbers batting - Pitching for Appleton Foxes : RHP David Froelich
|
|
Batting: RHB Jeffrey Young
|
0-0: Called Strike 0-1: Ball 1-1: Swinging Strike 1-2: Ball 2-2: Ball 3-2: SINGLE (Groundball, 6MD, EV 96.9 MPH)
|
|
Batting: RHB John Pignotti
|
0-0: Ball 1-0: Ball 2-0: Fly out, F8 (Line Drive, 8LD, EV 95.6 MPH)
|
|
Batting: RHB John Nicolo
|
0-0: SINGLE (Groundball, 56D, EV 87.5 MPH) (infield hit) Jeffrey Young to second
|
|
Batting: LHB Rodney Nealeigh
|
0-0: Foul Ball, location: 2F 0-1: Ball 1-1: Ball 2-1: Ball 3-1: Foul Ball, location: 2F 3-2: Base on Balls Jeffrey Young to third John Nicolo to second
|
|
Batting: RHB Rich Renteria
|
0-0: Ball 1-0: SINGLE (Groundball, 4MD, EV 100.0 MPH) Jeffrey Young scores John Nicolo to third Rodney Nealeigh to second Runner from 3rd tries for Home, SAFE, throw by CF to home
|
|
Batting: RHB Douglas Davis
|
0-0: Called Strike 0-1: Ball 1-1: Fly out, F9 (Flyball, 9, EV 76.9 MPH) Runner from 2nd tags up, SAFE at 3rd with throw by RF
|
|
Batting: LHB Ricky Seilheimer
|
0-0: Ball 1-0: Ground out 4-3 (Groundball, 4, EV 86.9 MPH)
|
| Top of the 6th over - 2 runs, 3 hits, 0 errors, 2 left on base; Wausau 2 - Appleton 5 |
| BOTTOM OF THE 6TH |
|
Appleton Foxes batting - Pitching for Wausau Timbers : RHP Brian Buckley
|
|
Batting: RHB Philip Sutton
|
0-0: Foul Ball, location: 2F 0-1: Ball 1-1: Foul Ball, location: 2F 1-2: Ball 2-2: Fly out, F9 (Flyball, 9S, EV 81.9 MPH)
|
|
Batting: LHB Mike Woodard
|
0-0: Called Strike 0-1: Ball 1-1: Called Strike 1-2: Ball 2-2: Foul Ball, location: 2F 2-2: Foul Ball, location: 2F 2-2: Ball 3-2: Foul Ball, location: 2F 3-2: Base on Balls
|
|
Pitching: RHP Alan Holbrook
|
|
|
Batting: SHB Matt Gallegos
|
0-0: Ball 1-0: Called Strike 1-1: Ball 2-1: Called Strike 2-2: Ball 3-2: Ground out 4-3 (Groundball, 34D, EV 90.0 MPH) Mike Woodard to second
|
|
Batting: RHB Randy Asadoor
|
0-0: Called Strike 0-1: Ball 1-1: Ball 2-1: Ball 3-1: 2-RUN HOME RUN (Flyball, 7D, EV 103.8 MPH), Distance : 369 ft
|
|
Batting: RHB George Hinshaw
|
0-0: Ball 1-0: Called Strike 1-1: Ball 2-1: Called Strike 2-2: Ball 3-2: Strikes out swinging
|
| Bottom of the 6th over - 2 runs, 1 hit, 0 errors, 0 left on base; Wausau 2 - Appleton 7 |
| TOP OF THE 7TH |
|
Wausau Timbers batting - Pitching for Appleton Foxes : RHP David Froelich
|
|
Batting: LHB Jerry Morton
|
0-0: Foul Ball, location: 2F 0-1: Called Strike 0-2: Ball 1-2: Ball 2-2: SINGLE (Groundball, 4MD, EV 102.5 MPH) (infield hit)
|
|
Batting: RHB Bruce Chaney
|
0-0: Called Strike 0-1: Ball 1-1: Ball 2-1: Foul Ball, location: 2F 2-2: Ball 3-2: Grounds into double play, 4-6-3 (Groundball, 4, EV 96.3 MPH)
|
|
Batting: RHB Jeffrey Young
|
0-0: Called Strike 0-1: Ball 1-1: Fly out, F4 (Line Drive, 4, EV 73.8 MPH)
|
| Top of the 7th over - 0 runs, 1 hit, 0 errors, 0 left on base; Wausau 2 - Appleton 7 |
| BOTTOM OF THE 7TH |
|
Appleton Foxes batting - Pitching for Wausau Timbers : RHP Alan Holbrook
|
|
Batting: RHB Victor Mata
|
0-0: Ground out 5-3 (Groundball, 56, EV 85.6 MPH)
|
|
Batting: LHB John Csefalvay
|
0-0: Ball 1-0: Ball 2-0: Ball 3-0: Base on Balls
|
|
Batting: RHB Howard Lopes
|
0-0: Ball John Csefalvay steals 2nd base 1-0: Ball 2-0: Ball 3-0: Base on Balls
|
|
Batting: RHB Peter Rowe
|
0-0: Foul Ball, location: 2F 0-1: Ball 1-1: Called Strike 1-2: Foul Ball, location: 2F 1-2: Foul Ball, location: 2F 1-2: Ball 2-2: Foul Ball, location: 2F 2-2: Ball 3-2: Fly out, F8 (Flyball, 8RM, EV 79.4 MPH)
|
|
Pitching: RHP Daniel Pierce
|
|
|
Batting: RHB Philip Sutton
|
0-0: Ball 1-0: Fly out, F9 (Flyball, 89D, EV 92.5 MPH)
|
| Bottom of the 7th over - 0 runs, 0 hits, 0 errors, 2 left on base; Wausau 2 - Appleton 7 |
| TOP OF THE 8TH |
|
Wausau Timbers batting - Pitching for Appleton Foxes : RHP David Froelich
|
|
Batting: RHB John Pignotti
|
0-0: SINGLE (Line Drive, 34D, EV 108.1 MPH)
|
|
Batting: RHB John Nicolo
|
0-0: SINGLE (Flyball, 3D, EV 95.0 MPH) John Pignotti to second
|
|
Batting: LHB Rodney Nealeigh
|
0-0: Ground out 3-1 (Groundball, 34S, EV 67.5 MPH) John Pignotti to third John Nicolo to second
|
|
Batting: RHB Rich Renteria
|
0-0: Fly out, F8 (Flyball, 89D, EV 91.9 MPH) Runner from 3rd tags up, SCORES, throw by CF John Nicolo to third
|
|
Batting: RHB Douglas Davis
|
0-0: Called Strike 0-1: Ball 1-1: Fly out, F4 (Line Drive, 4, EV 63.8 MPH)
|
| Top of the 8th over - 1 run, 2 hits, 0 errors, 1 left on base; Wausau 3 - Appleton 7 |
| BOTTOM OF THE 8TH |
|
Appleton Foxes batting - Pitching for Wausau Timbers : RHP Daniel Pierce
|
|
Batting: LHB Mike Woodard
|
0-0: Called Strike 0-1: Ground out 6-3 (Groundball, 6, EV 87.5 MPH)
|
|
Batting: SHB Matt Gallegos
|
0-0: Swinging Strike 0-1: Foul Ball, location: 2F 0-2: Ball 1-2: Ball 2-2: Ball 3-2: Base on Balls
|
|
Batting: RHB Randy Asadoor
|
0-0: Called Strike 0-1: Fly out, F8 (Flyball, 78S, EV 90.6 MPH)
|
|
Batting: RHB George Hinshaw
|
0-0: Ball 1-0: Called Strike Matt Gallegos steals 2nd base 1-1: Intentional Walk
|
|
Batting: RHB Victor Mata
|
0-0: Ball 1-0: Ball 2-0: Called Strike 2-1: Fielders Choice at 2nd, 6-4 (Groundball, 6, EV 102.5 MPH)
|
| Bottom of the 8th over - 0 runs, 0 hits, 0 errors, 2 left on base; Wausau 3 - Appleton 7 |
| TOP OF THE 9TH |
|
Wausau Timbers batting - Pitching for Appleton Foxes : RHP David Froelich
|
|
Pitching: RHP Jaime Cocanower
|
|
|
Batting: LHB Ricky Seilheimer
|
0-0: Ball 1-0: Ball 2-0: SINGLE (Groundball, 3D, EV 102.5 MPH)
|
|
Batting: LHB Jerry Morton
|
0-0: Swinging Strike 0-1: Foul Ball, location: 2F 0-2: Ball 1-2: Strikes out swinging
|
|
Batting: RHB Bruce Chaney
|
0-0: Called Strike 0-1: Ball 1-1: Fielders Choice at 2nd, 5-4 (Groundball, 56S, EV 84.4 MPH)
|
|
Batting: RHB Jeffrey Young
|
0-0: Ground out 4-3 (Groundball, 4, EV 103.8 MPH)
|
| Top of the 9th over - 0 runs, 1 hit, 0 errors, 1 left on base; Wausau 3 - Appleton 7 |
|